 Dungeon Crawl Stone Soup version 0.31-a0-145-g046c7d2549 (webtiles) character file.

Game seed: 8983744779020261675

41 Irreverend the Grasshopper (level 3, 0/33 HPs)
             Began as a Naga Warper on June 7, 2023.
             Slain by a worm (8 damage)
             ... on level 2 of the Dungeon.
             The game lasted 00:02:46 (1295 turns).

Irreverend the Grasshopper (Naga Warper)            Turns: 1295, Time: 00:02:46

Health: 0/33       AC:  2    Str: 19    XL:     3   Next: 52%
Magic:  6/6        EV:  9    Int: 13    God:
Gold:   73         SH:  0    Dex: 12    Spells: 4/6 levels left

rFire   . . .        a - +0 spear
rCold   . . .        (no shield)
rNeg    . . .        b - +0 leather armour
rPois   +            (no helmet)
rElec   .            (no cloak)
rCorr   .            (no gloves)
SInv    +            (no barding)
Will    .....        (no amulet)
Stlth   +            l - ring of flight
HPRegen 0.25/turn    h - +6 ring of strength
MPRegen 0.10/turn

%: no passive effects
@: flying, very slow
A: AC +1, large, see invisible, deformed body, poison resistance, slowness 2,
spit poison 1, naga tail 1
a: Spit Poison


You were on level 2 of the Dungeon.
You visited 1 branch of the dungeon, and saw 2 of its levels.

You collected 73 gold pieces.

Inventory:

Hand Weapons
 a - a +0 spear (weapon)
Missiles
 d - 7 boomerangs of dispersal (quivered)
Armour
 b - a +0 leather armour (worn)
 j - a +0 ring mail
Jewellery
 h - a +6 ring of strength (right hand)
 l - a ring of flight (left hand)
Scrolls
 c - a scroll of blinking
 e - 2 scrolls of acquirement {unknown}
 f - a scroll of magic mapping {unknown}
 g - 2 scrolls of enchant armour {unknown}
 k - a scroll of fear {unknown}
Potions
 i - 2 potions of curing {unknown}


   Skills:
 + Level 2.4 Fighting
 * Level 2.8 Polearms
 - Level 0.8 Throwing
 + Level 1.3 Armour
 + Level 2.0 Dodging
 - Level 2.0 Spellcasting
 - Level 3.0 Translocations


You had 4 spell levels left.
You knew the following spells:

 Your Spells              Type           Power      Damage    Failure   Level
a - Blink                 Tloc           18%        N/A       13%         2

Your spell library contained the following spells:

 Spells                   Type           Power      Damage    Failure   Level
 Lesser Beckoning         Tloc           18%        N/A       13%         2
 Teleport Other           Tloc           9%         N/A       26%         3
 Freeze                   Ice            4%         1d3       30%         1
 Vhi's Electric Charge    Tloc/Air       10%        N/A       43%         3
 Frozen Ramparts          Ice            2%         1d1       65%         3
 Hailstorm                Conj/Ice       1%         3d3       65%         3
 Manifold Assault         Tloc           9%         N/A       65%         4
 Arcjolt                  Conj/Air       0%         1d10      100%        5
 Maxwell's Capacitive Co  Air            0%         ∞         100%        8


Dungeon Overview and Level Annotations

Branches:
Dungeon (2/15)

Altars:


Innate Abilities, Weirdness & Mutations

Your serpentine skin is tough. (AC +1)
You have supernaturally acute eyesight. (SInv)
Armour fits poorly on your strangely shaped body.
Your system is resistant to poisons. (rPois)
You cover ground very slowly.
You can spit poison.
You have a snake-like lower body.


Message History

You are too injured to fight recklessly!
You are too injured to fight recklessly!
You are too injured to fight recklessly!
You are too injured to fight recklessly!
You are too injured to fight recklessly!
You are too injured to fight recklessly!
You are too injured to fight recklessly!
You are too injured to fight recklessly!
You are too injured to fight recklessly!
You are too injured to fight recklessly!
You are too injured to fight recklessly!
You are too injured to fight recklessly!
You barely miss the worm.
The worm is moderately wounded.
The worm bites you but does no damage.
You hit the worm.
The worm is moderately wounded.
You hit the worm.
The worm is heavily wounded.
The worm barely misses you.
You hit the worm.
The worm is severely wounded.
You hit the worm.
The worm is almost dead.
The worm misses you.
You hit the worm but do no damage.
The worm is severely wounded.
The worm closely misses you.
You hit the worm.
The worm is almost dead.
You hit the worm.
The worm is almost dead.
The worm bites you!
* * * LOW HITPOINT WARNING * * *
You hit the worm but do no damage.
The worm is almost dead.
You hit the worm.
The worm is almost dead.
The worm bites you!
You die...

...........######).##.#
##$#.#.##### #..# #
##.#.#.# ##..##.#
#...#... #......#
....#...# #...##...>
#...#...# #####...##.###
##.#.#.#####....$.......
##..#.. ..$.......##..#
.W. ###.###@#....... #
###.. # #w#####.#. .# ..
#.. .# ##.# # .# .# ..
.# .. .# ###


You could see a worm.

Vanquished Creatures
  An adder (D:2)
  3 endoplasms
  3 giant cockroaches
  4 goblins
  A hobgoblin (D:1)
  4 quokkas
  2 ball pythons
  2 bats (D:1)
  2 frilled lizards (D:1)
  2 kobolds
  6 rats
30 creatures vanquished.

Notes
Turn   | Place    | Note
-------+----------+-------------------------------------------
     0 | D:1      | Irreverend the Naga Warper began the quest for the Orb.
     0 | D:1      | Reached XP level 1. HP: 19/19 MP: 3/3
   380 | D:1      | Reached skill level 1 in Armour
   380 | D:1      | Reached XP level 2. HP: 22/26 MP: 5/5
   849 | D:1      | Learned a level 2 spell: Blink
   883 | D:2      | Reached XP level 3. HP: 20/33 MP: 6/6
  1227 | D:2      | Noticed a phantom
  1295 | D:2      | Slain by a worm

Illustrated notes

Levels and vault maps discovered:
D:1:      nzn_arrival_settlement, layout_loops_cross
D:2:      layout_loops_ring, kennysheep_generic_room_4

Skill      XL: |  1  2  3 |
---------------+----------+-----
Armour         | 1 |  1.3
Dodging        | 2 |  2.0
Fighting       | |  2.4
Polearms       | |  2.8
Throwing       | |  0.8
Spellcasting   | |  2.0
Translocations | |  3.0

Action                     || total
---------------------------++-------
  Melee: Spear             ||   140
         Punch             ||     1
 Armour: Leather armour    ||    20
  Dodge: Dodged            ||    47

Table legend: (Time is in decaauts)
 A = Elapsed time spent in this place.
 B = Non-inter-level travel time spent in this place.
 C = Inter-level travel time spent in this place.
 D = Time resting spent in this place.
 E = Time spent auto-exploring this place.
 F = Levels seen in this place.
 G = Mean time per level.
                   A        B        C        D        E       F      G
               +--------+--------+--------+--------+--------+-----+--------+
         Total |   1606 |   1579 |     27 |     73 |   1202 |   2 |  803.0 |
       Dungeon |   1606 |   1579 |     27 |     73 |   1202 |   2 |  803.0 |
               +--------+--------+--------+--------+--------+-----+--------+

Top non-repeatable levels by time:
     D:1: 1101 daAuts
     D:2: 505 daAuts
